 Dungeon Crawl Stone Soup version 0.24-a0-458-gfcb5e6da0e (webtiles) character file.

Game seed: 1410697416256489181

22257 Kuinu the Fighter (level 12, -8/172 HPs)
             Began as a Black Draconian Berserker on June 26, 2019.
             Was a High Priest of Trog.
             Mangled by a +4 long sword (22 damage)
             ... on level 13 of the Dungeon.
             The game lasted 00:32:29 (11968 turns).

Kuinu the Fighter (Black Draconian Berserker)      Turns: 11968, Time: 00:32:30

Health: -8/172     AC: 11    Str: 27    XL:     12   Next: 61%
Magic:  12/12      EV: 25    Int:  8    God:    Trog [*****.]
Gold:   776        SH:  0    Dex: 15    Spells: 11/11 levels left

rFire    + . .     SeeInvis .   B - +5 long sword "Riosal" {venom, rElec rC+ rN+ Str+2}
rCold    + . .     Gourm    .   (no shield)
rNeg     + . .     Faith    .   (armour unavailable)
rPois    .         Spirit   .   (helmet restricted)
rElec    +         Reflect  .   (no cloak)
rCorr    .         Harm     .   A - +0 pair of gloves
MR       ++...                  F - +1 pair of boots
Stlth    ..........             q - amulet of the Air {Inacc +Fly rElec EV+5 RMsl}
HPRegen  1.38/turn              C - ring of stealth
MPRegen  0.13/turn              N - ring of protection from fire

@: berserking (expiring), regenerating, studying Bows, repel missiles, very
quick
A: breathe lightning, unfitting armour, electricity resistance, cold-blooded, AC
+8
a: Breathe Lightning, Berserk, Trog's Hand, Brothers in Arms, Renounce Religion,
Evoke Flight


You were on level 13 of the Dungeon.
You worshipped Trog.
Trog was extremely pleased with you.
You were very hungry.

You visited 1 branch of the dungeon, and saw 13 of its levels.
You also visited: Sewer.

You collected 776 gold pieces.

Inventory:

Hand Weapons
 a - a +1 falchion
 B - the +5 long sword "Riosal" (weapon) {venom, rElec rC+ rN+ Str+2}
   (You took it off an orc wizard on level 5 of the Dungeon)

   It poisons the flesh of those it strikes.
   It affects your strength (+2).
   It protects you from cold.
   It insulates you from electricity.
   It protects you from negative energy.
 K - a +6 antimagic double sword
 P - a +4 antimagic long sword
Missiles
 r - 2 silver javelins (quivered)
Armour
 p - a +0 pair of gloves
 A - a +0 pair of gloves (worn)
 F - a +1 pair of boots (worn)
Jewellery
 e - an uncursed ring of protection from magic
 q - the amulet of the Air (around neck) {Inacc +Fly rElec EV+5 RMsl}
   (You found it on level 4 of the Dungeon)

   [amulet of inaccuracy]

   It reduces the accuracy of all your attacks.
   It affects your evasion (+5).
   It insulates you from electricity.
   It lets you fly.
   It protects you from missiles.
 C - a ring of stealth (left hand)
 I - an uncursed ring of stealth
 J - an uncursed amulet of the gourmand
 N - a ring of protection from fire (right hand)
Wands
 d - a wand of polymorph (20)
 D - a wand of digging (11)
 E - a wand of acid (4)
 L - a wand of random effects (19)
 M - a wand of iceblast (7)
 O - a wand of flame (22)
Scrolls
 k - 5 scrolls of remove curse
 v - 3 scrolls of blinking
 w - 3 scrolls of magic mapping
 y - 3 scrolls of enchant weapon
 G - 5 scrolls of teleportation
Potions
 c - 2 potions of haste
 g - a potion of cancellation
 h - 2 potions of flight
 i - 3 potions of lignification
 j - a potion of agility
 l - a potion of invisibility
 m - a potion of curing
 n - 8 potions of degeneration
 o - 5 potions of brilliance
 u - 4 potions of magic
 z - a potion of mutation
Books
 H - a manual of Bows
Comestibles
 b - 22 rations
 f - 5 chunks of flesh


   Skills:
 * Level 13.4 Fighting
 * Level 12.5 Long Blades
 * Level 11.5 Dodging


You had 11 spell levels left.
You didn't know any spells.
Your spell library was empty.

Dungeon Overview and Level Annotations

Branches:
Dungeon (13/15)            Temple (0/1) D:7            Lair (0/6) D:9
    Orc (0/2) D:12
 Vaults: D:13-14

Altars:
Dithmenos
Gozag
Hepliaklqana
Makhleb
Nemelex Xobeh
Sif Muna
Wu Jian
Xom
Yredelemnul
The Shining One
Beogh

Shops:
D:4 *


Innate Abilities, Weirdness & Mutations

You can breathe wild blasts of lightning.
Your glossy black scales are hard. (AC +8)
You cannot fit into any form of body armour.
You are resistant to electric shocks. (rElec)
You are cold-blooded and may be slowed by cold attacks.


Message History

You kill the orc!
Trog accepts your kill. The ogre completely misses you.
You hit the ogre.
The ogre is lightly wounded.
The +4 long sword hits you!
* * * LOW HITPOINT WARNING * * *
You slice the ogre!!
The ogre is poisoned.
The ogre is severely wounded.
The +4 long sword hits you.
* * * LOW HITPOINT WARNING * * *
You slice the ogre!!
You kill the ogre!
Trog accepts your kill.
You miss the +4 long sword. The +4 long sword hits you.
* * * LOW HITPOINT WARNING * * *
You completely miss the +4 long sword.
Your tail-slap misses the +4 long sword.
The +4 long sword hits you!!
You die...

## #........#..
#..##...........
##...............
.....>#
#..............
.......
#.....<........
.......
.............#
.......
.........))).##.
.......
.........)@).#...
......§
..........†(..%...
..)..§§
#......##.......
.....§§
###.............
.....§#
###.............
..##.##
##..............)
.. ..
#................
.. #
#................
.. #
#................
. #


You could see a +4 long sword.

Vanquished Creatures
  Harold (D:10)
  A hydra (D:12)
  2 two-headed ogres
  2 centaur warriors
  A dancing weapon (D:13)
  An unseen horror (D:12)
  2 cyclopes
  2 ugly things
  2 centaur zombies (D:13)
  A gargoyle (D:12)
  2 kobold demonologists (D:12)
  2 komodo dragons
  2 trolls
  A hornet (D:13)
  3 slime creatures (D:12)
  A shadow (D:12)
  5 hippogriffs
  5 yaks (D:9)
  A wraith (D:10)
  A wyvern (D:12)
  A hungry ghost (D:7)
  4 wargs (D:12)
  Edmund (D:4)
  A water moccasin (D:11)
  A soldier ant (D:11)
  3 ice beasts
  4 sky beasts
  10 orc warriors
  4 phantoms
  2 eyes of draining
  2 necrophages
  5 ogres
  9 centaurs
  7 bullfrogs
  2 big kobolds
  A wyvern zombie (D:11)
  4 scorpions
  An oklob sapling (D:7)
  23 killer bees
  2 electric eels (D:12)
  11 wights
  8 howler monkeys
  6 crimson imps
  A quasit (D:6)
  3 bullfrog zombies
  5 hounds
  4 bullfrog skeletons
  7 orc priests
  4 jellies
  7 centaur skeletons
  7 iguanas
  10 orc wizards
  9 worker ants
  3 hound zombies
  A hound skeleton (D:10)
  3 gnolls (D:4)
  21 adders
  7 river rats (Sewer)
  4 shadow imps
  A white imp (D:11)
  2 oozes
  An adder zombie (D:8)
  3 worms (D:3)
  2 dart slugs
  7 leopard geckos
  81 orcs
  6 giant cockroaches
  3 goblins (D:2)
  6 hobgoblins
  12 jackals
  18 kobolds
  6 quokkas
  14 ball pythons
  11 bats
  4 frilled lizards
  2 quokka skeletons
  A quokka zombie (D:9)
  30 rats
  2 plants (D:7)
458 creatures vanquished.

Vanquished Creatures (others)
  31 plants (D:9)
31 creatures vanquished.

Grand Total: 489 creatures vanquished

Notes
Turn   | Place    | Note
-------+----------+-------------------------------------------
     0 | D:1      | Kuinu the Draconian Berserker began the quest for the Orb.
     0 | D:1      | Reached XP level 1. HP: 19/19 MP: 1/1
   230 | D:1      | Reached XP level 2. HP: 17/26 MP: 2/2
   855 | D:2      | Reached XP level 3. HP: 21/33 MP: 3/3
   895 | D:2      | Reached skill level 4 in Fighting
  1031 | D:2      | Reached ** piety under Trog
  1233 | D:2      | Reached XP level 4. HP: 35/40 MP: 4/4
  1458 | D:2      | Found a faded altar of an unknown god.
  1834 | D:3      | Reached XP level 5. HP: 47/47 MP: 5/5
  1841 | D:3      | Found a glowing golden altar of the Shining One.
  2276 | D:3      | Reached *** piety under Trog
  2277 | D:3      | Found a glowing drain.
  2293 | Sewer    | Entered a sewer
  2322 | Sewer    | Reached skill level 5 in Fighting
  2352 | Sewer    | Reached XP level 6. HP: 38/56 MP: 6/6
  2460 | Sewer    | Received a gift from Trog
  2656 | Sewer    | Reached skill level 5 in Long Blades
  2657 | Sewer    | Your scales start taking on a glossy black colour.
  2657 | Sewer    | Reached XP level 7. HP: 36/62 MP: 7/7
  2657 | Sewer    | Gained mutation: You are resistant to electric shocks.
                  | (rElec) [Black Draconian growth]
  3110 | D:4      | Found the amulet of the Air {Inacc +Fly rElec EV+5 RMsl}
  3198 | D:4      | Reached **** piety under Trog
  3198 | D:4      | Reached skill level 6 in Fighting
  3198 | D:4      | Reached skill level 5 in Dodging
  3300 | D:4      | Found Gozag's Platinum Reserve.
  3302 | D:4      | Found an opulent altar of Gozag.
  3323 | D:4      | Noticed Edmund
  3336 | D:4      | Killed Edmund
  3691 | D:4      | Found a deep blue altar of Sif Muna.
  3700 | D:4      | Found a burning altar of Makhleb.
  3703 | D:4      | Found a sparkling altar of Nemelex Xobeh.
  3706 | D:4      | Found a hazy altar of Hepliaklqana.
  3805 | D:5      | Entered Level 5 of the Dungeon
  3843 | D:5      | Reached XP level 8. HP: 66/71 MP: 8/8
  3891 | D:5      | Identified the +5 long sword "Riosal" {venom, rElec rC+ rN+
                  | Str+2}
  3971 | D:5      | Reached skill level 7 in Fighting
  4389 | D:5      | Found an ornate altar of the Wu Jian Council.
  4610 | D:6      | Reached skill level 8 in Fighting
  4618 | D:6      | Reached ***** piety under Trog
  4700 | D:6      | Reached XP level 9. HP: 80/81 MP: 9/9
  5349 | D:7      | Reached skill level 9 in Fighting
  5372 | D:7      | Found a staircase to the Ecumenical Temple.
  6296 | D:8      | Found a basalt altar of Yredelemnul.
  6356 | D:8      | Reached XP level 10. HP: 89/92 MP: 10/10
  6462 | D:8      | Found a shimmering altar of Xom.
  6829 | D:8      | Noticed a centaur warrior
  6843 | D:8      | Killed a centaur warrior
  6843 | D:8      | Reached skill level 10 in Fighting
  7383 | D:9      | Received a gift from Trog
  7432 | D:9      | Found a shadowy altar of Dithmenos.
  7499 | D:9      | Reached skill level 10 in Long Blades
  7972 | D:9      | Reached skill level 11 in Fighting
  8019 | D:9      | Found a roughly hewn altar of Beogh.
  8029 | D:9      | HP: 5/142 [orc warrior/cursed -1 glaive (24)]
  8218 | D:9      | Found a staircase to the Lair.
  8232 | D:9      | Reached XP level 11. HP: 54/102 MP: 8/11
  8292 | D:10     | Entered Level 10 of the Dungeon
  8295 | D:10     | Noticed Harold
  8307 | D:10     | Killed Harold
  8845 | D:10     | Reached skill level 10 in Dodging
  9802 | D:11     | Noticed a brown ugly thing
  9815 | D:11     | Killed a brown ugly thing
  9957 | D:11     | Reached skill level 12 in Fighting
 10198 | D:12     | Noticed a two-headed ogre
 10205 | D:12     | Received a gift from Trog
 10209 | D:12     | Killed a two-headed ogre
 10216 | D:12     | Noticed a cyan ugly thing
 10228 | D:12     | Killed a cyan ugly thing
 10245 | D:12     | Killed an unseen horror
 10950 | D:12     | Reached XP level 12. HP: 113/113 MP: 12/12
 11039 | D:12     | Noticed a five-headed hydra
 11192 | D:12     | Found a staircase to the Orcish Mines.
 11435 | D:12     | Killed a 13-headed hydra
 11755 | D:13     | Reached skill level 13 in Fighting
 11768 | D:13     | Noticed a two-headed ogre
 11778 | D:13     | Killed a two-headed ogre
 11795 | D:13     | Noticed a centaur warrior
 11806 | D:13     | Killed a centaur warrior
 11968 | D:13     | Mangled by a +4 long sword

Levels and vault maps discovered:
D:1:      roderic_dead_forest, layout_loops_corners
D:2:      layout_basic, chequers_ecumenical_altar_island
D:3:      layout_basic, overflow_temple_1_default, portal_sewer_entry_f,
          minmay_pentangle
D:4:      layout_loops_ring, nicolae_gozag_zags_fifth_avenue, minitemple,
          uniq_edmund
D:5:      layout_loops_ring, nicolae_overflow_hidden_temple, first_ration
D:6:      layout_cave_pools
D:7:      layout_basic, minmay_temple_entry_oklob, minmay_manual_mares
D:8:      layout_layer_cave, kennysheep_little_box, yredelemnul_altar_generic,
          kennysheep_just_a_vault
D:9:      layout_roguey [special_room_orc], grunt_dithmenos_shadows,
          david_lair_shrubbed, minmay_unpleasant_kobolds
D:10:     layout_basic, uniq_harold
D:11:     layout_loops_cross, blue_anna_alchemist [blue_anna_fruit_fields,
          blue_anna_fruit_fields], minmay_holes, minmay_fire_ice_demons
D:12:     layout_basic, minmay_orc_entry_guard_dogs
D:13:     layout_cave_pools, erik_vaults_1

Skill      XL: |  1  2  3  4  5  6  7  8  9 10 11 12 |
---------------+-------------------------------------+-----
Dodging        | 3 4 5 6 8 9 10 11 | 11.5
Fighting       | 4 5 6 8 9 11 12 13 | 13.4
Long Blades    | 4 5 6 7 8 10 11 12 | 12.5

Action                   |  1- 3 |  4- 6 |  7- 9 | 10-12 || total
-------------------------+-------+-------+-------+-------++-------
Melee: Falchion          |    88 |   277 |   149 |       ||   514
       Tailslap          |    10 |    44 |    73 |   140 ||   267
       Long sword        |       |       |   283 |   662 ||   945
Invok: Trog's Hand       |       |     3 |     5 |    13 ||    21
       Berserk           |       |     2 |     3 |    11 ||    16
 Abil: Breathe Lightning |       |       |     1 |     1 ||     2
       Evoke Flight      |       |       |       |     1 ||     1
  Use: Scroll            |       |       |    11 |    19 ||    30
       Potion            |       |       |     1 |    10 ||    11
 Stab: Sleeping          |       |       |     1 |     6 ||     7
       Distracted        |       |       |       |     2 ||     2
  Eat: Chunk             |     1 |     7 |    19 |    27 ||    54
       Ration            |       |       |       |     2 ||     2
Armor: Skin              |    38 |   108 |    80 |   109 ||   335
Dodge: Dodged            |    80 |   257 |   380 |   889 ||  1606
       Deflected         |       |       |     6 |    31 ||    37
       Rpst.: Falchion   |    27 |    84 |    28 |       ||   139
       Long sword        |       |       |    79 |   227 ||   306

Table legend:
 A = Non-vault XP
 B = Vault XP
 C = Vault XP percentage of total XP
 D = Non-vault monster count
 E = Vault monster count
 F = Vault count percentage of total count
                 A         B        C        D         E       F
            +---------+---------+-------+---------+---------+-------
      Total |   26218 |    5578 |  17.5 |     351 |     105 |  23.0
            +---------+---------+-------+---------+---------+-------
        D:1 |      33 |       0 |   0.0 |      17 |       0 |   0.0
        D:2 |     112 |       0 |   0.0 |      28 |       0 |   0.0
        D:3 |     171 |      28 |  14.1 |      29 |      10 |  25.6
        D:4 |     494 |     158 |  24.2 |      20 |       1 |   4.8
        D:5 |     415 |       0 |   0.0 |      15 |       0 |   0.0
        D:6 |    1056 |       0 |   0.0 |      30 |       0 |   0.0
        D:7 |    1748 |     286 |  14.1 |      37 |       3 |   7.5
        D:8 |    1559 |     906 |  36.8 |      25 |       1 |   3.8
        D:9 |    3000 |    1071 |  26.3 |      41 |      33 |  44.6
       D:10 |    2213 |    1007 |  31.3 |      19 |       1 |   5.0
       D:11 |    2603 |     152 |   5.5 |      19 |       3 |  13.6
       D:12 |    7345 |     656 |   8.2 |      38 |       4 |   9.5
       D:13 |    5469 |     904 |  14.2 |      33 |       1 |   2.9
      Sewer |       0 |     410 | 100.0 |       0 |      48 | 100.0
            +---------+---------+-------+---------+---------+-------
